 Dungeon Crawl Stone Soup version 0.23.0-42-geed6394 (webtiles) character file.

Game seed: 2487719562826039881

54 Scud the Ducker (level 3, 0/18 HPs)
             Began as a Spriggan Warper on Feb 28, 2019.
             Succumbed to an adder's poison
             ... on level 2 of the Dungeon.
             The game lasted 00:11:48 (3233 turns).

Scud the Ducker (Spriggan Warper)                   Turns: 3233, Time: 00:11:49

Health: 0/18       AC:  2    Str:  7    XL:     3   Next: 66%
Magic:  8/8        EV: 20    Int: 14    God:
Gold:   96         SH:  0    Dex: 16    Spells: 8/8 levels left

rFire    . . .     SeeInvis +   a - +0 short sword
rCold    . . .     Gourm    .   (shield restricted)
rNeg     . . .     Faith    .   b - +0 robe
rPois    .         Spirit   .   (helmet restricted)
rElec    .         Reflect  .   n - scarf {cloud immunity}
rCorr    .         Harm     .   (gloves unavailable)
MR       .....                  (boots unavailable)
Stlth    ++........             (no amulet)
HPRegen  0.06/turn              (no ring)
MPRegen  0.11/turn              (no ring)

@: lethally poisoned (0 -> -14), very quick
A: very small, unfitting armour, see invisible, herbivore, speed 3, slow
metabolism 2
a: no special abilities


You were on level 2 of the Dungeon.
You were not hungry.

You visited 1 branch of the dungeon, and saw 4 of its levels.

You collected 96 gold pieces.

Inventory:

Hand Weapons
 a - a +0 short sword (weapon)
Missiles
 c - 65 stones (quivered)
Armour
 b - a +0 robe (worn)
 n - a scarf of cloud immunity (worn)
Jewellery
 l - a +3 ring of protection {unknown}
 p - a +3 ring of dexterity {unknown}
Scrolls
 d - 2 scrolls of blinking
 g - 2 scrolls of teleportation {unknown}
 i - a scroll of enchant weapon {unknown}
 m - a scroll of fear {unknown}
 o - a scroll of identify {unknown}
Potions
 e - 2 potions of brilliance {unknown}
 h - a potion of agility {unknown}
 j - 2 potions of flight {unknown}
 k - a potion of curing {unknown}
Comestibles
 f - 3 rations


   Skills:
 + Level 1.8 Fighting
 + Level 3.0 Short Blades
 + Level 1.4 Throwing
 + Level 4.6 Dodging
 + Level 0.6 Stealth
 + Level 3.1 Spellcasting
   Level 4.4 Translocations


You had 8 spell levels left.
You didn't know any spells.
Your spell library contained the following spells:

 Spells                   Type           Power        Failure   Level  Hunger
 Blink                    Tloc           N/A          5%          2    ##.....
 Gell's Gravitas          Tloc           ##........   11%         3    ###....
 Lesser Beckoning         Tloc           ##........   11%         3    ###....
 Teleport Other           Tloc           ##......     11%         3    ###....
 Shroud of Golubria       Chrm/Tloc      #.........   13%         2    ##.....
 Passage of Golubria      Tloc           N/A          34%         4    #####..


Dungeon Overview and Level Annotations

Branches:
Dungeon (4/15)
 Temple: D:4-7

Altars:
Hepliaklqana
Wu Jian


Innate Abilities, Weirdness & Mutations

You are very small and have problems with some larger weapons.
You are too small for most types of armour.
You have supernaturally acute eyesight. (SInv)
You are a herbivore.
You cover ground extremely quickly.
You need to consume almost no food.


Message History

The adder is almost dead.
* * * LOW HITPOINT WARNING * * *
You feel sick. The adder completely misses you.
You hit the adder but do no damage.
The adder is almost dead.
The adder closely misses you.
You barely miss the adder.
The adder is almost dead.
* * * LOW HITPOINT WARNING * * *
You feel sick. The adder completely misses you. The adder barely misses you.
You closely miss the adder.
The adder is almost dead.
* * * LOW HITPOINT WARNING * * *
You feel sick. The adder bites you.
* * * LOW HITPOINT WARNING * * *
You are more poisoned.
The adder poisons you!
You hit the adder but do no damage.
The adder is almost dead.
You die...

#.# # #.# .# ....
###.###..# #..#
.........# #..#####
###.....####.......
#.######...... .#
#.# ###.#..# .# ###
###.#
#......###.#.....
....#
#.#......@S......
###.#
#.#.###.##.######
##.# #..## ##.#.#
##..# #†.# ..(#
#.#.####..## .###
.###.......### ..#
.# ##
##.##.##...##.# .#
# ##.#.# #.###.# .#
## ##.##.# #.# #.#
.#


You could see an adder.

Vanquished Creatures
  An adder (D:2)
  4 leopard geckos
  An orc (D:2)
  3 bats
  2 giant cockroaches (D:1)
  3 goblins
  7 hobgoblins
  4 jackals (D:1)
  A quokka (D:2)
  A ball python (D:1)
  2 frilled lizards
  8 rats
37 creatures vanquished.

Notes
Turn   | Place    | Note
-------+----------+-------------------------------------------
     0 | D:1      | Scud the Spriggan Warper began the quest for the Orb.
     0 | D:1      | Reached XP level 1. HP: 10/10 MP: 5/5
   440 | D:1      | Reached XP level 2. HP: 10/14 MP: 7/7
  1433 | D:2      | Reached XP level 3. HP: 16/18 MP: 8/8
  1766 | D:2      | Found an ornate altar of the Wu Jian Council.
  2370 | D:2      | You fall through a shaft for 2 floors!
  2597 | D:2      | Found a hazy altar of Hepliaklqana.
  3233 | D:2      | Succumbed to an adder's poison

Skill      XL: |  1  2  3 |
---------------+----------+-----
Spellcasting   | 3 |  3.1
Dodging        | 4 |  4.6
Short Blades   | 3 |  3.0
Fighting       | |  1.8
Throwing       | |  1.4
Stealth        | |  0.6
Translocations | |  4.4

Action                   || total
-------------------------++-------
Melee: Short sword       ||   178
Throw: Tomahawk          ||     5
       Stone             ||    65
 Stab: Sleeping          ||     3
Armor: Robe              ||    11
Dodge: Dodged            ||   126
